 Dungeon Crawl Stone Soup version 0.17-a0-1731-g129c023 (webtiles) character file.

125 TruthSerum the Skirmisher (level 5, -1/59 HPs)
             Began as an Ogre Berserker on Aug 29, 2015.
             Was a Believer of Trog.
             Slain by Ijyb
             ... wielding a +5 club
              (7 damage)
             ... on level 3 of the Dungeon.
             The game lasted 00:08:07 (2229 turns).

TruthSerum the Skirmisher (Ogre Berserker)          Turns: 2229, Time: 00:08:07

Health: -1/59      AC:  4    Str: 22    XL:     5   Next: 9%
Magic:  5/5        EV: 10    Int: 10    God:    Trog [**....]
Gold:   137        SH:  0    Dex:  9    Spells: 0 memorised, 4 levels left

rFire  . . .     SeeInvis .     a - +0 mace
rCold  . . .     Clarity  .     d - +0 robe (curse)
rNeg   . . .     SustAt   .     (no shield)
rPois  .         Gourm    .     (helmet restricted)
rElec  .         Spirit   .     c - +0 cloak
rCorr  .         Warding  .     (gloves unavailable)
rMut   .         Stasis   .     (boots unavailable)
MR     .....                    (no amulet)
Stlth  +.........               (no ring)
                                h - +3 ring of intelligence

@: exhausted, slowed, very slow, not resistant to hostile enchantments, very
unstealthy
A: unfitting armour, tough skin 1
a: Burn Spellbooks, Berserk, Trog's Hand, Renounce Religion


You were on level 3 of the Dungeon.
You worshipped Trog.
Trog was pleased with you.
You were not hungry.

You visited 1 branch of the dungeon, and saw 3 of its levels.

You collected 137 gold pieces.

Inventory:

Hand weapons
 a - a +0 mace (weapon)
Armour
 c - a +0 cloak (worn)
 d - a cursed +0 robe (worn)
 e - a +0 robe
 s - a +0 robe
Jewellery
 h - a +3 ring of intelligence (left hand)
Magical devices
 q - a wand of heal wounds (5)
Scrolls
 g - a scroll of enchant weapon {unknown}
 i - a scroll of noise {unknown}
 k - a scroll of teleportation {unknown}
 m - a scroll of identify {unknown}
 n - a scroll of remove curse {unknown}
 p - a scroll of fog {unknown}
Potions
 b - a potion of lignification {unknown}
 f - a potion of brilliance {unknown}
 j - a potion of curing
 o - a potion of invisibility {unknown}
 r - a potion of mutation {unknown}
 t - 2 potions of agility {unknown}
Comestibles
 l - a meat ration


   Skills:
 + Level 6.0 Fighting
 + Level 5.9 Maces & Flails
 - Level 2.6 Dodging


You had 4 spell levels left.
You didn't know any spells.

Dungeon Overview and Level Annotations

Branches:
Dungeon (3/15)

Altars:
Yredelemnul

Annotations:
D:3 Ijyb; gribnar's ghost, average SpEn


Innate Abilities, Weirdness & Mutations

You are too large for most types of armour.
You have tough skin (AC +1).


Message History

Ijyb barely misses you. Ijyb hits you with an enchanted club.
* * * LOW HITPOINT WARNING * * *
You barely miss Ijyb.
Ijyb is moderately wounded.
Ijyb hits you with an enchanted club.
* * * LOW HITPOINT WARNING * * *
You hit Ijyb.
Ijyb is heavily wounded.
Ijyb hits you with an enchanted club.
* * * LOW HITPOINT WARNING * * *
You closely miss Ijyb.
Ijyb is heavily wounded.
Ijyb hits you but does no damage. x2
You hit Ijyb.
Ijyb is severely wounded.
Ijyb barely misses you.
You barely miss Ijyb.
Ijyb is severely wounded.
Ijyb hits you but does no damage. Ijyb hits you with an enchanted club!
You die...

...........#
...........#
...........#
...........#
...........#
.######.####
#.# #.#####
. #@#... ...
#g#.#.....
#goW......
#'#w..####
#..........
#..........
#..........
#..........
...........


You could see Ijyb, a worm, an orc and a goblin.

Vanquished Creatures
  A centaur skeleton (D:3)
  4 adders
  An ooze (D:1)
  2 worms
  An orc (D:3)
  2 ball pythons (D:1)
  3 bats
  3 giant cockroaches
  6 goblins
  8 hobgoblins
  3 jackals (D:1)
  3 kobolds
  4 giant newts
  6 rats
47 creatures vanquished.

Notes
Turn   | Place    | Note
--------------------------------------------------------------
     0 | D:1      | TruthSerum the Ogre Berserker began the quest for the Orb.
     0 | D:1      | Reached XP level 1. HP: 24/24 MP: 1/1
   123 | D:1      | Reached XP level 2. HP: 15/33 MP: 2/2
   847 | D:1      | Reached XP level 3. HP: 40/40 MP: 3/3
  1151 | D:2      | Reached skill level 5 in Fighting
  1151 | D:2      | Reached skill level 5 in Maces & Flails
  1380 | D:2      | Acquired Trog's second power
  1386 | D:2      | Reached XP level 4. HP: 36/50 MP: 4/4
  1523 | D:2      | Found a basalt altar of Yredelemnul.
  2158 | D:3      | HP: 2/52 [adder (2)]
  2207 | D:3      | Noticed gribnar's ghost (average SpEn)
  2209 | D:3      | Noticed Ijyb
  2220 | D:3      | Reached skill level 6 in Fighting
  2220 | D:3      | Reached XP level 5. HP: 11/59 MP: 5/5
  2229 | D:3      | Slain by Ijyb

Vault maps used:
D:1:      lightli_arrival_flooded_house
D:2:      lemuel_crystal_altar
D:3:      minmay_door_square, uniq_iyjb, uniq_crazy_yiuf_cottage

Action                   |  1- 3 |  4- 6 || total
-------------------------+-------+-------++-------
Melee: Mace              |    87 |    77 ||   164
Invok: Berserk           |     1 |     1 ||     2
  Use: Potion            |       |     1 ||     1
  Eat: Chunk             |     2 |     2 ||     4
       Bread ration      |       |     1 ||     1
